 Dungeon Crawl Stone Soup version 0.28.0 (webtiles) character file.

Game seed: 2650460587292759308

44 horus123 the Skirmisher (level 3, -3/31 HPs)
             Began as a Barachi Gladiator on Feb 16, 2022.
             Slain by Ijyb (5 damage)
             ... on level 3 of the Dungeon.
             The game lasted 00:02:46 (2086 turns).

horus123 the Skirmisher (Barachi Gladiator)         Turns: 2086, Time: 00:02:47

Health: -3/31      AC:  4    Str: 15    XL:     3   Next: 62%
Magic:  3/3        EV: 12    Int: 10    God:
Gold:   107        SH:  0    Dex: 13    Spells: 0/2 levels left

rFire   . . .      SeeInvis .   a - +0 long sword
rCold   . . .      Faith    .   (no shield)
rNeg    . . .      Spirit   .   b - +0 leather armour
rPois   .          Reflect  .   c - +0 helmet
rElec   .          Harm     .   (no cloak)
rCorr   .          Rampage  .   (no gloves)
Will    .....                   (no boots)
Stlth   +.........              (no amulet)
HPRegen 0.10/turn               (no ring)
MPRegen 0.08/turn               (no ring)

@: slow
A: amphibious, slowness 1, strong legs 1, +LOS
a: Hop


You were on level 3 of the Dungeon.
You visited 1 branch of the dungeon, and saw 3 of its levels.

You collected 107 gold pieces.

Inventory:

Hand Weapons
 a - a +0 long sword (weapon)
 l - a +0 longbow
Missiles
 d - 3 throwing nets (quivered)
Armour
 b - a +0 leather armour (worn)
 c - a +0 helmet (worn)
Wands
 k - a wand of flame (26)
Scrolls
 f - 2 scrolls of blinking
Potions
 g - 2 potions of degeneration
 h - a potion of resistance
 i - a potion of mutation
 j - 2 potions of attraction {unknown}
 m - a potion of brilliance {unknown}


   Skills:
 + Level 4.7 Fighting
 - Level 3.6 Long Blades
 - Level 2.0 Throwing
 - Level 3.2 Dodging


You couldn't memorise any spells.
You knew the following spells:

 Your Spells              Type           Power      Damage    Failure   Level
a - Static Discharge      Conj/Air       0%         N/A       56%         2

Your spell library contained the following spells:

 Spells                   Type           Power      Damage    Failure   Level
 Beastly Appendage        Tmut           0%         N/A       43%         1
 Slow                     Hex            0%         N/A       43%         1
 Wereblood                Tmut           0%         N/A       56%         2
 Confusing Touch          Hex            0%         N/A       80%         3
 Spider Form              Tmut/Pois      0%         N/A       80%         3
 Vampiric Draining        Necr           0%         2d6       80%         3
 Dispel Undead            Necr           0%         3d6       99%         4
 Sticky Flame             Conj/Fire      0%         2d3       99%         4


Dungeon Overview and Level Annotations

Branches:
Dungeon (3/15)

Altars:
Xom

Annotations:
D:3 Ijyb


Innate Abilities, Weirdness & Mutations

You are amphibious.
You cover ground slowly.
You can hop short distances.
You have an extended range of vision and can be seen from far away.


Message History

Press: ? - help, Shift-Dir - straight line, f/p - Ijyb
Aim: Ijyb, wielding a +0 club, wearing a +0 leather armour and carrying a wand of iceblast (9) (moderately wounded, 60% to hit)
The puff of flame misses Ijyb.
The puff of flame hits the worm.
The worm is moderately wounded.
Ijyb hits you with a +0 club.
You barely miss Ijyb.
Ijyb is moderately wounded.
Ijyb misses you.
You closely miss Ijyb.
Ijyb is moderately wounded.
Ijyb hits you with a +0 club.
You miss Ijyb.
Ijyb is moderately wounded.
The frilled lizard closely misses you. Ijyb hits you with a +0 club.
* * * LOW HITPOINT WARNING * * *
The frilled lizard bites you.
* * * LOW HITPOINT WARNING * * *
You closely miss Ijyb.
Ijyb is moderately wounded.
Ijyb screams, "I cut your head off!" Ijyb closely misses you.
The frilled lizard misses you. Ijyb completely misses you.
Unknown command.
You hit the frilled lizard.
You kill the frilled lizard!
Ijyb closely misses you.
Aiming: Throw Flame
Press: ? - help, Shift-Dir - straight line, f/p - Ijyb
Aim: Ijyb, wielding a +0 club, wearing a +0 leather armour and carrying a wand of iceblast (9) (moderately wounded, 60% to hit)
The puff of flame hits Ijyb.
Ijyb is heavily wounded.
Ijyb hits you with a +0 club.
* * * LOW HITPOINT WARNING * * *
Aiming: Throw Flame
Press: ? - help, Shift-Dir - straight line, f/p - Ijyb
Aim: Ijyb, wielding a +0 club, wearing a +0 leather armour and carrying a wand of iceblast (9) (heavily wounded, 60% to hit)
The puff of flame misses Ijyb.
The puff of flame hits the worm.
The worm is moderately wounded.
Ijyb hits you with a +0 club.
You die...

#.........# #.........#
#.........#
########.........#
#................#
#................#####
......................
.........##..........##
≈≈....>.wg@.≈≈≈≈≈≈≈....
.≈.......##...≈≈≈≈≈≈..#
.≈.......##.8...._≈≈.##
.≈.########...≈≈≈≈≈≈...
.≈ #.≈≈≈≈≈≈≈...# .
#...........#
###...#####.#
##........###
##..........


You could see Ijyb and a worm.

Vanquished Creatures
  An adder (D:2)
  2 orcs (D:3)
  3 endoplasms
  A giant cockroach (D:2)
  5 goblins
  6 hobgoblins
  3 ball pythons (D:2)
  5 bats
  3 frilled lizards
  A kobold (D:2)
  A rat (D:2)
31 creatures vanquished.

Notes
Turn   | Place    | Note
-------+----------+-------------------------------------------
     0 | D:1      | horus123 the Barachi Gladiator began the quest for the Orb.
     0 | D:1      | Reached XP level 1. HP: 17/17 MP: 1/1
   195 | D:1      | Reached skill level 3 in Fighting
   319 | D:1      | Reached XP level 2. HP: 21/24 MP: 2/2
  1271 | D:2      | Reached skill level 4 in Fighting
  1367 | D:2      | Reached XP level 3. HP: 28/31 MP: 3/3
  1896 | D:2      | Learned a level 2 spell: Static Discharge
  2056 | D:3      | Found a shimmering altar of Xom.
  2070 | D:3      | Noticed Ijyb
  2086 | D:3      | Slain by Ijyb

Illustrated notes

Levels and vault maps discovered:
D:1:      giann_bridges, layout_basic
D:2:      layout_rooms, minmay_diced_spiral
D:3:      corexii_shack_village, layout_basic, mainiacjoe_overflow_catwalk,
          mainiacjoe_overflow_catwalk_spiral, serial_park_tiny_pond, uniq_ijyb,
          uniq_natasha

Skill      XL: |  1  2 |
---------------+-------+-----
Fighting       | 3 4 |  4.7
Long Blades    | |  3.6
Throwing       | |  2.0
Dodging        | |  3.2

Action                   || total
-------------------------++-------
Melee: Long sword        ||   106
 Abil: Hop               ||     1
Evoke: Wand              ||     4
  Use: Scroll            ||     6
Armor: Leather armour    ||    44
Dodge: Dodged            ||    81
